Map: [ESL] Data-C

Players

llllllllllll

  • Race: Protoss Protoss
  • Spawn Location: 3:00

Oliveira - Winner!

  • Race: Terran Terran
  • League: Grandmaster
  • Spawn Location: 9:00

Event: DreamHack SC2 Masters 2022 Atlanta (Online)

VOD

Have the link to the VOD?

Description

Time

  • Played on: Oct. 5, 2022, 7:34 a.m.
  • Length: 12:30

All games in this series

Show
View Real Time Build Order
Export as new Build Order

llllllllllll Protoss 

Build Orders: 1 Gate Expand, Dark Templar Rush 

Get SALT Encoding   

  12  0:00  Probe  
  13  0:12  Probe  
  14  0:17  Pylon  
  14  0:24  Probe (Chrono Boost)  
  16  0:36  Probe (Chrono Boost)  
  16  0:38  Gateway  
  16  0:42  Probe (Chrono Boost)  
  16  0:46  Assimilator  
  17  0:51  Probe  
  18  1:03  Probe  
  19  1:15  Probe  
  20  1:22  Nexus  
  20  1:32  Cybernetics Core  
  20  1:34  Probe  
  21  1:40  Assimilator  
  21  1:46  Probe  
  22  1:52  Pylon  
  22  1:58  Probe  
  23  2:07  Adept (Chrono Boost)  
  23  2:09  Warp Gate  
  23  2:11  Probe  
  26  2:20  Twilight Council  
  26  2:23  Probe  
  27  2:30  Pylon  
  27  2:33  Stalker  
  29  2:37  Probe (Chrono Boost)  
  29  2:40  Probe (Chrono Boost)  
  31  2:48  Probe (Chrono Boost)  
  31  2:50  Probe (Chrono Boost)  
  33  2:53  Probe (Chrono Boost)  
  33  2:58  Dark Shrine  
  27  3:05  Stalker  
  34  3:11  Shield Battery  
  36  3:16  Probe x2  
  38  3:21  Gateway  
  38  3:27  Gateway  
  38  3:29  Probe  
  38  3:31  Probe  
  40  3:40  Assimilator  
  40  3:41  Probe  
  40  3:43  Probe  
  42  3:50  Pylon  
  42  3:53  Probe  
  42  3:54  Assimilator  
  43  3:57  Probe  
  43  4:00  Blink  
  44  4:06  Probe  
  45  4:12  Dark Templar  
  45  4:14  Probe (Chrono Boost)  
  45  4:16  Pylon  
  48  4:17  Dark Templar  
  48  4:20  Probe (Chrono Boost)  
  48  4:21  Pylon  
  51  4:26  Probe (Chrono Boost)  
  51  4:27  Dark Templar  
  54  4:40  Shield Battery  
  54  4:43  Shield Battery  
  54  4:47  Dark Templar  
  54  4:51  Pylon  
  54  4:52  Dark Templar  
  58  4:58  Probe  
  57  5:01  Probe  
  57  5:05  Robotics Facility  
  58  5:10  Zealot, Probe  
  58  5:14  Probe  
  60  5:24  Dark Templar  
  60  5:25  Probe (Chrono Boost)  
  60  5:28  Probe (Chrono Boost)  
  40  5:37  Probe (Chrono Boost)  
  40  5:38  Stalker  
  40  5:39  Stalker  
  40  5:40  Probe (Chrono Boost)  
  42  5:44  Probe (Chrono Boost)  
  42  5:45  Probe (Chrono Boost)  
  41  5:52  Probe  
  41  5:54  Probe  
  43  6:00  Charge (Chrono Boost)  
  43  6:04  Probe  
  44  6:06  Stalker  
  45  6:14  Stalker  
  45  6:16  Probe, Stalker  
  45  6:21  Probe  
  46  6:35  Probe (Chrono Boost)  
  46  6:36  Probe (Chrono Boost), Stalker  
  48  6:40  Stalker  
  48  6:46  Probe x2 (Chrono Boost)  
  52  6:51  Probe x2 (Chrono Boost)  
  54  7:02  Probe  
  54  7:04  Stalker x3  
  62  7:11  Pylon  
  59  7:19  Nexus  
  59  7:22  Probe x2  
  61  7:29  Dark Templar  
  63  7:34  Probe (Chrono Boost)  
  65  7:37  Probe (Chrono Boost)  
  65  7:42  Gateway  
  65  7:43  Gateway  
  65  7:45  Sentry  
  65  7:46  Probe (Chrono Boost)  
  65  7:51  Probe (Chrono Boost)  
  67  7:52  Probe (Chrono Boost)  
  68  7:58  Probe  
  68  8:00  Shield Battery, Gateway  
  68  8:01  Gateway  
  69  8:08  Immortal (Chrono Boost)  
  73  8:15  Zealot x2  
  73  8:18  Zealot  
  79  8:31  Pylon  
  77  8:35  Probe x3  
  77  8:37  Zealot x3  
  77  8:39  Zealot  
  88  8:44  Stalker  
  88  8:47  Shield Battery  
  90  8:56  Zealot x2, Pylon  
  90  9:01  Stalker x3  
  100  9:05  Sentry  
  102  9:15  Warp Prism (Chrono Boost)  
  104  9:19  Zealot x2  
  110  9:25  Pylon  
  110  9:27  Zealot x3  
  114  9:35  Stalker  
  108  9:42  Stalker x2  
  108  9:47  Gateway  
  108  9:48  Gateway  
  108  9:50  Stalker x2  
  108  9:51  Stalker  
  114  9:53  Pylon  
  78  10:16  Zealot x6  
  90  10:30  Templar Archives  
  90  10:33  Assimilator  
  90  10:35  Assimilator  
  90  10:44  Probe  
  90  10:46  Probe x2  
  90  10:48  Zealot  
  90  10:49  Zealot x7  
  109  10:56  Probe  
  110  11:02  Forge  
  110  11:09  Probe  
  110  11:11  High Templar x4, Pylon  
  113  11:12  Zealot x3  
  113  11:16  Archon  
  113  11:17  Archon, Sentry  
  123  11:44  Zealot x8  
  135  12:08  Zealot x3  
  141  12:11  Pylon  
  141  12:13  Pylon x2  
  137  12:17  Zealot  
  137  12:18  Zealot x4  
Show
View Real Time Build Order
Export as new Build Order

Oliveira Terran - Winner!

Build Orders:  

Get SALT Encoding   

  12  0:00  SCV  
  13  0:13  SCV  
  14  0:17  Supply Depot  
  14  0:25  SCV  
  15  0:38  SCV  
  15  0:41  Barracks  
  16  0:45  Refinery  
  16  0:51  SCV  
  17  0:59  Barracks  
  17  1:03  SCV  
  18  1:15  SCV  
  19  1:28  Reaper, Orbital Command  
  19  1:32  Supply Depot  
  21  1:47  Reaper  
  21  1:54  SCV  
  22  2:05  Reaper  
  23  2:09  Command Center  
  23  2:11  SCV  
  24  2:18  Refinery  
  24  2:22  Barracks Reactor  
  24  2:23  SCV  
  25  2:31  Barracks  
  25  2:35  SCV  
  26  2:42  Barracks Tech Lab  
  26  2:47  SCV  
  27  2:58  Marine x2  
  27  2:59  SCV  
  27  3:01  Stimpack, Marine  
  31  3:20  Marine x2  
  31  3:21  SCV, Barracks Tech Lab  
  31  3:22  Orbital Command, Marine  
  35  3:33  SCV  
  36  3:38  Marine x2  
  36  3:40  Combat Shield  
  38  3:42  Marine  
  38  3:43  Supply Depot, Marine  
  38  3:45  SCV  
  38  3:48  SCV  
  42  3:56  Marine x2  
  42  3:57  SCV  
  42  4:00  SCV  
  46  4:04  Marine  
  46  4:05  Supply Depot, Marine  
  46  4:09  SCV  
  49  4:12  SCV  
  49  4:15  Factory  
  49  4:16  Marine x2  
  51  4:21  SCV  
  51  4:22  Marauder  
  54  4:26  SCV  
  54  4:27  Marauder  
  54  4:30  Engineering Bay  
  57  4:33  Supply Depot, SCV  
  58  4:42  SCV  
  58  4:44  Marine  
  59  4:47  SCV  
  53  4:57  Missile Turret  
  53  5:00  SCV  
  53  5:02  Starport  
  53  5:04  Factory Reactor  
  53  5:05  Marine  
  54  5:08  SCV  
  54  5:14  SCV  
  54  5:20  SCV  
  56  5:23  Orbital Command  
  53  5:30  Barracks Reactor  
  47  5:36  Marine  
  47  5:37  Marine  
  47  5:38  SCV  
  47  5:40  Orbital Command  
  47  5:47  Marine  
  44  5:52  Supply Depot  
  44  5:53  SCV  
  45  6:01  Missile Turret  
  45  6:07  SCV  
  45  6:09  SCV  
  45  6:10  Marine  
  46  6:12  Marine  
  46  6:13  Medivac x2  
  46  6:14  Marine  
  46  6:17  Terran Infantry Weapons Level 1  
  51  6:18  Marine  
  51  6:24  Supply Depot  
  50  6:26  Marine  
  50  6:29  Marine  
  50  6:31  Marine  
  49  6:35  SCV, Marine  
  49  6:36  SCV  
  49  6:39  Factory Tech Lab  
  50  6:41  Marine  
  53  6:47  SCV, Marine  
  53  6:49  SCV  
  53  6:50  Marine  
  53  6:52  Marine  
  57  6:55  Medivac  
  57  6:59  Marine  
  60  7:05  Supply Depot  
  60  7:06  Marine x2  
  62  7:08  SCV  
  62  7:14  SCV  
  62  7:18  Supply Depot  
  62  7:25  Marine  
  62  7:26  Siege Tank, Marine x2  
  62  7:28  Marauder  
  69  7:30  SCV  
  70  7:37  SCV  
  70  7:39  Marine  
  70  7:40  Supply Depot  
  70  7:42  Supply Depot  
  70  7:43  Marine  
  72  7:45  Liberator, Marine  
  72  7:46  Marine  
  77  8:01  Liberator  
  77  8:02  Marauder  
  77  8:03  Refinery, Siege Tank  
  77  8:05  Marine x2  
  86  8:07  Marine  
  86  8:09  Marine  
  86  8:12  Supply Depot  
  87  8:15  Supply Depot  
  87  8:18  Terran Infantry Armor Level 1  
  87  8:23  Marine  
  87  8:27  Marine  
  87  8:28  Marine  
  87  8:30  Medivac  
  91  8:34  Marine  
  92  8:44  Medivac  
  92  8:46  Siege Tank  
  92  8:47  Marine x2  
  92  8:48  SCV  
  100  8:49  SCV, Marine x2  
  103  8:56  Marine  
  104  9:03  Refinery  
  104  9:04  Supply Depot, Medivac  
  104  9:05  Marine  
  99  9:12  Marine  
  99  9:13  Marine  
  99  9:14  Marine  
  99  9:16  Medivac, Marine  
  100  9:23  Marine  
  101  9:30  Marine  
  101  9:36  Marine  
  101  9:37  Marine  
  101  9:38  Marine  
  85  9:39  Siege Tank  
  85  9:42  Liberator, Marine  
  83  9:47  Marine  
  84  9:54  Marine x2  
  84  9:56  Supply Depot, Marine  
  84  9:58  Liberator  
  84  9:59  Marine  
  90  10:05  Marine  
  91  10:13  Marine x2  
  78  10:16  Siege Tank  
  78  10:17  SCV x2  
  78  10:19  Marine x2  
  85  10:24  Marine  
  85  10:27  Medivac  
  88  10:29  SCV  
  88  10:31  Marine x2  
  91  10:37  Marine x2  
  91  10:42  Marine  
  92  10:46  Medivac  
  92  10:48  Siege Tank  
  92  10:49  Marine x2  
  100  10:52  Supply Depot  
  100  10:54  Marine  
  100  10:55  SCV x2, Marine  
  104  11:01  Medivac  
  104  11:02  Marine  
  107  11:06  Marine  
  107  11:09  Marine  
  109  11:12  Marine  
  109  11:13  Marine  
  109  11:16  SCV x2  
  113  11:20  Marine  
  113  11:24  Marine  
  113  11:25  Siege Tank  
  118  11:26  Liberator  
  118  11:32  Marine  
  122  11:34  Marine  
  122  11:40  Marine x2  
  122  11:44  Marine  
  122  11:46  Liberator  
  127  11:49  Marine  
  127  12:06  Marine  
  126  12:12  Marine  
Tags
 
Add a new tag
Caveats
  • Supply blocks, unpowered buildings, or Contaminate may cause inaccurate times.
  • Supply counts are checked every 10 seconds.